 Dungeon Crawl Stone Soup version 0.30-a0-778-g2ef04afb54 (webtiles) character file.

Game seed: 15049663449535243072

99100 Flugslaktarn the Severer (level 15, -14/145 HPs)
             Began as a Minotaur Fighter on Feb 16, 2023.
             Was an Initiate of Gozag.
             Killed from afar by a shock serpent (21 damage)
             ... with a bolt of electricity
             ... on level 2 of the Lair of Beasts.
             The game lasted 00:12:48 (22646 turns).

Flugslaktarn the Severer (Minotaur Fighter)        Turns: 22646, Time: 00:12:49

Health: -14/145    AC: 32    Str: 24    XL:     15   Next: 76%
Magic:  24/24      EV:  7    Int: 10    God:    Gozag
Gold:   5452       SH: 13    Dex: 14    Spells: 14/14 levels left

rFire   + . .      SeeInvis .    a - +7 broad axe (heavy)
rCold   + . .      Faith    .    Q - +0 buckler
rNeg    . . .      Spirit   .    P - +0 gold dragon scales
rPois   +          Reflect  +    G - +3 hat of Pondering {ponderous, Will+ MP+10 Int+5}
rElec   .          Harm     .    y - +1 cloak
rCorr   .          Rampage  .    J - +0 pair of gloves
Will    ++...                    (no boots) Stlth
                                 U - amulet of reflection
HPRegen 0.44/turn                j - +4 ring of slaying
MPRegen 0.19/turn                p - +4 ring of protection

@: hasted, very quick
A: horns 2, retaliatory headbutt
a: Renounce Religion, Potion Petition, Call Merchant, Bribe Branch


You were on level 2 of the Lair of Beasts.
You worshipped Gozag.
Gozag was greatly pleased with you.
You visited 5 branches of the dungeon, and saw 24 of its levels.
You also visited: Sewer.

You collected 6969 gold pieces.
You spent 1038 gold pieces at shops.
You paid 479 gold pieces to Gozag.

Inventory:

Hand Weapons
 a - a +7 heavy broad axe (weapon)
   (You acquired it on level 10 of the Dungeon)
Missiles
 C - 2 throwing nets (quivered)
Armour
 y - a +1 cloak (worn)
   (You took it off Crazy Yiuf on level 2 of the Dungeon)
 G - the +3 hat of Pondering (worn) {ponderous, Will+ MP+10 Int+5}
   (You took it off Gastronok on level 9 of the Dungeon)

   Int:       It affects your intelligence (+5).
   MP:        It affects your magic capacity (+10).
   Will:      It increases your willpower.
 J - a +0 pair of gloves (worn)
   (You found it on level 10 of the Dungeon)
 P - +0 gold dragon scales (worn)
   (You bought it in a shop on level 10 of the Dungeon)
 Q - a +0 buckler (worn)
Jewellery
 c - a ring of protection from cold
   (You found it on level 4 of the Lair of Beasts)
 i - a ring of see invisible
   (You found it on level 10 of the Dungeon)
 j - a +4 ring of slaying (left hand)
   (You found it on level 12 of the Dungeon)
 o - a ring of poison resistance
   (You found it on level 1 of the Dungeon)
 p - a +4 ring of protection (right hand)
   (You found it on level 15 of the Dungeon)
 B - a +6 ring of strength
   (You found it on level 6 of the Dungeon)
 U - an amulet of reflection (around neck)
   (You found it on level 10 of the Dungeon)
Wands
 g - a wand of digging (7)
   (You found it on level 9 of the Dungeon)
 m - a wand of charming (2)
   (You found it on level 3 of the Lair of Beasts)
 x - a wand of iceblast (4)
   (You found it on level 3 of the Lair of Beasts)
 O - a wand of mindburst (8)
   (You found it on level 4 of the Lair of Beasts)
Scrolls
 b - 4 scrolls of vulnerability
 k - a scroll of summoning {unknown}
 l - 6 scrolls of magic mapping
 r - 5 scrolls of identify
 s - a scroll of fog
 t - 7 scrolls of teleportation
 z - 4 scrolls of blinking
 H - a scroll of silence
 I - a scroll of enchant weapon
 N - a scroll of brand weapon
 S - 2 scrolls of fear
 T - a scroll of torment {unknown}
Potions
 d - 2 potions of might
 f - 4 potions of magic
 h - 4 potions of haste
 n - a potion of resistance
 q - 11 potions of curing
 w - 6 potions of heal wounds
 A - 2 potions of invisibility
 D - 3 potions of flight
 E - a potion of berserk rage
 F - a potion of ambrosia
 K - 3 potions of mutation
 L - 5 potions of lignification
 R - 2 potions of cancellation
Miscellaneous
 M - a piece from Xom's chessboard (15/15)
   (You found it on level 2 of the Lair of Beasts)


   Skills:
 + Level 16.5 Fighting
 - Level 18.0 Axes
 + Level 16.6 Armour
 - Level 4.9 Dodging
 + Level 15.7 Shields
 - Level 6.0 Evocations


You had 14 spell levels left.
You didn't know any spells.
Your spell library was empty.

Dungeon Overview and Level Annotations

Branches:
Dungeon (15/15) Temple (1/1) D:7 Lair (5/5) D:8 Shoals (0/4) Lair:3 Snake (1/4) Lair:2 Slime (0/5) Lair:4 Orc (2/2) D:11 Elf (0/3) Orc:2 Vaults (0/5) D:12 D:13 Depths (0/4) D:15 Sewer (visited)

Altars:
Ashenzari
Cheibriados
Dithmenos
Elyvilon
Fedhas
Gozag
Hepliaklqana
Kikubaaqudgha
Makhleb
Nemelex Xobeh
Okawaru
Qazlal
Sif Muna
Trog
Uskayaw
Vehumet
Wu Jian
Xom
Yredelemnul
Zin
The Shining One
Jiyva

Shops:
D:2 !   D:10 [   Orc:1 (   Orc:2 !(::

Annotations:
Lair:2 2 transporters, gabibbone's ghost, journeyman OpFi
Snake:1 Mlioglotl
Orc:1 1 runed translucent door


Innate Abilities, Weirdness & Mutations

You have a pair of horns on your head.
You reflexively headbutt those who attack you in melee.


Message History

You completely miss the shock serpent. You slice the naga!!
You feel sick. The naga mage spits poison at you.
The splash of poison hits you but does no damage.
You resist.
A naga mage comes into view. It is wielding a +0 spear.
A naga comes into view. It is wielding a +0 glaive.
The naga is distracted by your dazzling golden aura.
The shock serpent bites you! The shock serpent shocks you!
* * * LOW HITPOINT WARNING * * *
The naga mage is distracted by your dazzling golden aura.
The salamander barely misses you.
You are too injured to fight recklessly!
You feel much better.
You feel sick.
You are no longer poisoned.
The shock serpent bites you but does no damage.
Mlioglotl churns violently!
Mlioglotl seems to grow stronger.
An anaconda comes into view.
The naga mage gestures wildly while chanting.
The naga mage seems to speed up.
You block the naga's attack. x2
The shock serpent is distracted by your dazzling golden aura.
You block the salamander's attack.
The shock serpent hisses angrily. [a] - 330 gold - haste and heal wounds [b] - 325 gold - heal wounds, curing and berserk rage [c] - 160 gold - heal wounds and curing Purchase which effect?
You feel yourself speed up.
You feel much better.
Mlioglotl churns violently!
Mlioglotl radiates an aura of fear!
You easily resist.
You block the naga's attack. The naga grabs you. The naga constricts you.
The salamander hits you from afar with a +1 halberd!
You are engulfed in flames.
You resist.
The naga shouts!
The naga's grasp on you weakens, but your attempt to escape fails.
You hear a shout!
The naga spits poison at you.
The splash of poison hits you but does no damage.
You resist.
You hear a shout!
You escape the naga's grasp.
The salamander hits you from afar with a +1 halberd!
You are engulfed in flames.
You resist.
The naga mage is no longer distracted by gold.
The naga is no longer distracted by gold.
The naga mage spits poison at you.
The splash of poison reflects off an invisible shield around you!
The splash of poison hits the naga mage.
The salamander barely misses you.
You see here 17 gold pieces.
You block the naga mage's attack.
There is a staircase back to the Lair here.
You are too injured to fight recklessly!
You are too injured to fight recklessly!
You carve the salamander like a ham!!!
The salamander is severely wounded.
You barely miss the naga.
You hear a shout! x2; You hear an angry hiss.
The naga mage casts a spell at the naga.
The naga seems to grow toxic.
Mlioglotl churns violently!
Mlioglotl radiates an aura of fear!
You resist with some effort.
You hit the naga but do no damage. You slice the salamander!!
You kill the salamander!
You slash the naga!
You kill the naga!
The shock serpent is no longer distracted by gold.
The naga mage is distracted by your dazzling golden aura.
Mlioglotl is distracted by your dazzling golden aura.
Mlioglotl shouts!
The naga mage shouts!
You slash the naga!
The naga is heavily wounded.
The naga spits poison at you. The splash of poison misses you.
The naga hits you from afar with a +0 glaive!
You closely miss the naga. You headbutt the naga!
You kill the naga!
Mlioglotl is no longer distracted by gold.
Mlioglotl is distracted by your dazzling golden aura.
The naga hits you from afar with a +0 glaive!
* * * LOW HITPOINT WARNING * * *
The shock serpent bites you!
* * * LOW HITPOINT WARNING * * *
The shock serpent shocks you!
* * * LOW HITPOINT WARNING * * *
You climb upwards.
Welcome back to the Lair of Beasts!
Level annotation: 2 transporters, gabibbone's ghost, journeyman OpFi
There is a staircase to the Snake Pit here.
You closely miss the shock serpent. You headbutt the shock serpent.
The shock serpent is lightly wounded.
The shock serpent's electric aura discharges, shocking you!
The shock serpent bites you but does no damage.
You chop the shock serpent into pieces!!!
The shock serpent is almost dead.
The shock serpent's electric aura discharges violently, shocking you!
* * * LOW HITPOINT WARNING * * *
The shock serpent shoots out a bolt of lightning at you!
The bolt of electricity hits you!!
You die...
Your body crumbles into a pile of gold.

###..#......#####...##.....##
##..........©............#
#^.....................###
≈###.......P................#
≈##...........######.#......#
##..#....#.#.##≈§≈≈####.....#
.....#..##..##§§§.≈≈##.....##
...........##§≈...§≈.#......#
...........##≈≈.@.)........##
.........#..#≈§.S.≈..###...#
...#....P#..##≈≈..≈§##.#...#
....#...##...##≈≈≈#####....##
...##..#.#.P#.##########....#
..P##...........#..#P##P...##
...........................##
...P........................#
.P##.......(................#


You could see a shock serpent.

Vanquished Creatures
  Gastronok (D:9)
  Nessos (D:13)
  A stone giant (D:15)
  3 dire elephants (Lair:5)
  An ettin (Orc:2)
  3 ogre magi (Orc:2)
  A hydra (Lair:2)
  Erica (D:8)
  2 two-headed ogres
  3 centaur warriors
  An anaconda (Snake:1)
  6 boulder beetles
  8 death yaks
  9 tengu warriors
  Urug (Orc:2)
  A naga sharpshooter (Snake:1)
  An orc high priest (Orc:2)
  Nergalle (Orc:2)
  11 skeletal warriors
  A spectral anaconda (Lair:5)
  A skyshark (Lair:2)
  An obsidian statue (Lair:5)
  A lindwurm (Lair:4)
  4 necromancers (Lair:5)
  2 orc knights
  Pikel (D:4)
  4 harpies (D:13)
  A deep elf pyromancer (D:15)
  6 orc sorcerers (Orc:2)
  7 cyclopes
  3 salamanders
  11 ugly things
  3 manticores
  Maurice (D:9)
  7 slime creatures
  16 elephants
  A guardian serpent (Snake:1)
  A naga mage (Snake:1)
  2 black mambas
  4 torpor snails
  2 dire elephant skeletons (Lair:5)
  A gargoyle (D:12)
  A cane toad (shapeshifter) (D:14)
  2 rime drakes
  3 yaktaurs (D:15)
  6 komodo dragons
  A kobold demonologist (D:13)
  5 cane toads
  An efreet (D:13)
  A freezing wraith (D:15)
  10 trolls
  A wind drake (Lair:3)
  A polar bear (Lair:3)
  3 meliai (D:14)
  Prince Ribbit (D:5)
  3 hornets
  17 blink frogs
  2 spectral elephants (Lair:5)
  2 dream sheep (Lair:4)
  2 shadows
  3 wraiths
  6 wyverns
  42 yaks
  16 humans
  Eustachio (D:6)
  4 fire bats (D:8)
  5 basilisks
  2 steam dragons
  A death yak simulacrum (Lair:5)
  4 vampire mosquitoes (D:14)
  4 nagas (Snake:1)
  A spectral cane toad (Lair:5)
  4 wargs
  An acid dragon (D:13)
  20 water moccasins
  Duvessa (D:6)
  A hell hound (D:8)
  An ice beast (D:7)
  3 sky beasts (D:7)
  3 black bears
  20 orc warriors
  10 ogres
  6 wolves
  2 elephant skeletons (Lair:5)
  A phantom (D:5)
  9 centaurs
  2 kobold brigands
  16 bullfrogs
  A gnoll sergeant (D:9)
  2 scorpions
  A cane toad simulacrum (Lair:5)
  6 wights (D:8)
  Dowan (D:5)
  An elephant simulacrum (Lair:5)
  A howler monkey (D:10)
  4 electric eels
  4 lava snakes
  3 jellies
  2 hounds
  Crazy Yiuf (D:2)
  17 orc priests
  28 orc wizards
  3 iguanas
  13 adders
  8 gnolls
  A river rat (D:4)
  2 shadow imps
  6 white imps
  2 ufetubi
  4 worms
  3 dart slugs
  74 orcs
  9 endoplasms
  13 giant cockroaches
  8 hobgoblins
  7 jackals
  8 quokkas
  13 ball pythons
  8 bats
  13 frilled lizards
  11 goblins
  13 kobolds
  5 rats
  A bush (Lair:5)
  3 fire vortices (D:8)
688 creatures vanquished.

Vanquished Creatures (others)
  An orc wizard (D:5)
  An orc (D:9)
  18 fungi
  34 plants
  34 withered plants (Lair:5)
88 creatures vanquished.

Grand Total: 776 creatures vanquished

Notes
Turn   | Place    | Note
-------+----------+-------------------------------------------
     0 | D:1      | Flugslaktarn the Minotaur Fighter began the quest for the
                  | Orb.
     0 | D:1      | Reached XP level 1. HP: 19/19 MP: 0/0
   181 | D:1      | Reached XP level 2. HP: 27/27 MP: 1/1
   202 | D:1      | Reached skill level 3 in Axes
   314 | D:1      | Reached XP level 3. HP: 33/33 MP: 2/2
   891 | D:2      | Found a broken altar of Ashenzari.
   956 | D:2      | Reached XP level 4. HP: 38/40 MP: 3/3
  1060 | D:2      | Reached skill level 4 in Axes
  1071 | D:2      | Found a runed translucent door.
  1072 | D:2      | Noticed Crazy Yiuf
  1213 | D:2      | Found Talei's Distillery.
  1214 | D:2      | You fall into a shaft and drop 1 floor!
  1365 | D:2      | Bought a potion of heal wounds for 55 gold pieces
  1365 | D:2      | Bought a potion of curing for 33 gold pieces
  1581 | D:2      | Killed Crazy Yiuf
  1582 | D:2      | Reached XP level 5. HP: 24/47 MP: 4/4
  1727 | D:3      | Identified the +7 trident of the Baking Mosquito {vamp,
                  | MP+9 Dex+3}
  2245 | D:4      | Found a burning altar of Makhleb.
  2245 | D:4      | Found a hide-covered altar of Uskayaw.
  2317 | D:4      | Noticed a black bear
  2321 | D:4      | Killed a black bear
  2322 | D:4      | Reached skill level 5 in Axes
  2353 | D:4      | Reached XP level 6. HP: 55/55 MP: 5/5
  2517 | D:4      | Found a glowing drain.
  2521 | Sewer    | Entered a sewer
  2660 | Sewer    | Reached skill level 5 in Fighting
  2660 | Sewer    | Reached skill level 5 in Armour
  2742 | Sewer    | Reached skill level 5 in Shields
  3123 | D:4      | Noticed Pikel
  3142 | D:4      | Killed Pikel
  3143 | D:4      | Reached skill level 7 in Axes
  3143 | D:4      | Reached XP level 7. HP: 46/63 MP: 6/6
  3577 | D:5      | Entered Level 5 of the Dungeon
  3683 | D:5      | Found a hazy altar of Hepliaklqana.
  3704 | D:5      | Reached XP level 8. HP: 70/70 MP: 7/7
  4197 | D:5      | Reached skill level 8 in Axes
  4289 | D:6      | Found a bloodstained altar of Trog.
  4289 | D:6      | Found a shadowy altar of Dithmenos.
  4289 | D:6      | Found an ornate altar of the Wu Jian Council.
  4332 | D:6      | Noticed Eustachio
  4350 | D:6      | Killed Eustachio
  4392 | D:6      | Noticed Duvessa
  4392 | D:6      | Noticed Prince Ribbit
  4395 | D:6      | Noticed Dowan
  4402 | D:6      | Killed Duvessa
  4403 | D:6      | Reached skill level 9 in Axes
  4600 | D:5      | Killed Dowan
  4613 | D:5      | Killed Prince Ribbit
  4614 | D:5      | Reached XP level 9. HP: 79/79 MP: 8/8
  4700 | D:6      | Found a radiant altar of Vehumet.
  5055 | D:7      | Found a staircase to the Ecumenical Temple.
  5104 | Temple   | Entered the Ecumenical Temple
  5163 | Temple   | Became a worshipper of Gozag Ym Sagoz the Greedy
  5399 | D:7      | Reached skill level 10 in Axes
  5563 | D:7      | Found a glowing silver altar of Zin.
  6106 | D:8      | Found a staircase to the Lair.
  6137 | D:8      | Reached skill level 11 in Axes
  6148 | D:8      | Reached XP level 10. HP: 79/90 MP: 9/9
  6809 | D:8      | Reached skill level 12 in Axes
  7021 | D:9      | Noticed a two-headed ogre
  7053 | D:8      | Reached skill level 1 in Dodging
  7064 | D:9      | Killed a two-headed ogre
  7198 | D:9      | Noticed Erica
  7227 | D:8      | Killed Erica
  7311 | D:9      | Noticed Gastronok
  7341 | D:8      | Reached skill level 13 in Axes
  7341 | D:8      | Reached XP level 11. HP: 88/99 MP: 10/10
  7461 | D:9      | Reached skill level 10 in Armour
  7464 | D:9      | Reached skill level 10 in Fighting
  7674 | D:9      | Killed Gastronok
  7904 | D:9      | Noticed Maurice
  7921 | D:9      | Killed Maurice
  8040 | D:10     | Entered Level 10 of the Dungeon
  8351 | D:10     | Reached skill level 14 in Axes
  8698 | D:10     | Found Winkelried's Dragon-Slaying Spoils.
  8706 | D:10     | Identified a scroll of acquirement
  8710 | D:10     | Acquired a +1 heavy broad axe
  8717 | D:10     | Bought +0 gold dragon scales for 880 gold pieces
  9202 | D:11     | Noticed a boulder beetle
  9208 | D:11     | Killed a boulder beetle
  9299 | D:11     | Noticed a boulder beetle
  9319 | D:11     | Killed a boulder beetle
  9320 | D:11     | Reached skill level 1 in Evocations
  9561 | D:11     | Found a staircase to the Orcish Mines.
  9615 | D:11     | Noticed a skeletal warrior
  9615 | D:11     | Noticed a skeletal warrior
  9617 | D:11     | Noticed a skeletal warrior
  9622 | D:11     | Killed a skeletal warrior
  9622 | D:11     | Noticed a skeletal warrior
  9625 | D:11     | Killed a skeletal warrior
  9626 | D:11     | Reached XP level 12. HP: 88/110 MP: 11/11
  9875 | D:11     | Reached skill level 15 in Axes
 10290 | Lair:1   | Entered Level 1 of the Lair of Beasts
 10517 | Lair:1   | Reached skill level 10 in Shields
 11397 | Lair:2   | Found a transporter.
 11405 | Lair:2   | Noticed gabibbone's ghost (journeyman OpFi)
 11405 | Lair:2   | Noticed a catoblepas
 11406 | Lair:2   | Found a transporter.
 11421 | Lair:2   | Noticed a boulder beetle
 11434 | Lair:2   | Noticed a seven-headed hydra
 11441 | Lair:2   | Killed a ten-headed hydra
 11751 | Lair:2   | Found a staircase to the Snake Pit.
 11856 | Lair:2   | Reached skill level 16 in Axes
 12316 | Lair:3   | Reached XP level 13. HP: 108/118 MP: 12/12
 12911 | Lair:3   | Found a staircase to the Shoals.
 13426 | Lair:4   | Reached skill level 5 in Evocations
 13431 | Lair:4   | Reached skill level 17 in Axes
 13684 | Lair:4   | Found the +8 Vampire's Tooth {megavamp}
 14201 | Lair:4   | Found a viscous altar of Jiyva.
 14201 | Lair:4   | Found a staircase to the Slime Pits.
 14529 | Lair:5   | Entered Level 5 of the Lair of Beasts
 14995 | Lair:5   | Noticed a dire elephant
 15048 | Lair:5   | Noticed a dire elephant
 15057 | Lair:5   | Noticed a dire elephant
 15152 | Lair:5   | Reached XP level 14. HP: 129/129 MP: 13/13
 15542 | Lair:5   | Reached skill level 18 in Axes
 17128 | D:13     | Noticed Nessos
 17128 | D:13     | Found a gate to the Vaults.
 17132 | D:13     | Killed Nessos
 18032 | D:13     | Reached skill level 15 in Armour
 18036 | D:13     | Reached skill level 15 in Fighting
 18516 | D:14     | Reached XP level 15. HP: 141/141 MP: 14/14
 19019 | D:14     | Identified the +5 hand axe of Conflict {holy, Will++}
 19097 | D:15     | Entered Level 15 of the Dungeon
 20121 | D:15     | Found a staircase to the Depths.
 20472 | Orc:1    | Entered Level 1 of the Orcish Mines
 20487 | Orc:1    | Reached skill level 15 in Shields
 20811 | Orc:1    | Found Saut's Weapon Emporium.
 21047 | Orc:1    | Found a runed translucent door.
 21109 | Orc:2    | Entered Level 2 of the Orcish Mines
 21539 | Orc:2    | Found a staircase to the Elven Halls.
 21603 | Orc:2    | Found Hofepta's Book Boutique.
 21737 | Orc:2    | Found an ancient bone altar of Kikubaaqudgha.
 21737 | Orc:2    | Noticed Nergalle
 21743 | Orc:2    | Noticed Urug
 21744 | Orc:2    | Killed Nergalle
 21754 | Orc:2    | Killed Urug
 21771 | Orc:2    | Found a radiant altar of Vehumet.
 21819 | Orc:2    | Found Lienkag's Book Shop.
 21823 | Orc:2    | Found Ejouxza's Distillery.
 21830 | Orc:2    | Found Idufuf's Antique Weapon Shop.
 21879 | Orc:2    | Bought a potion of heal wounds for 70 gold pieces
 22612 | Snake:1  | Entered Level 1 of the Snake Pit
 22632 | Snake:1  | Noticed Mlioglotl
 22646 | Lair:2   | HP: 6/145 [shock serpent/electric aura (12)]
 22646 | Lair:2   | Killed from afar by a shock serpent

Illustrated notes

Levels and vault maps discovered:
D:1:      lemuel_arrival_rhombus, layout_basic
D:2:      layout_rooms, basic_altar, serial_shops, shop,
          nicolae_elevator_lobby_plus, uniq_crazy_yiuf_cottage
D:3:      layout_rooms, kennysheep_generic_room_14
D:4:      layout_basic, nicolae_overflow_two_pavilions, gup_sewer_entry_spiral,
          fountainhead, uniq_pikel
D:5:      layout_basic, nicolae_hepliaklqana_hazy_memory,
          eino_small_chamber_without_monster, minmay_holes
D:6:      layout_rooms, grunt_temple_overflow_open, mainiacjoe_overflow_catwalk,
          uniq_eustachio, uniq_prince_ribbit1, uniq_duvessa
D:7:      layout_basic, zin_scriptorium, minmay_temple_entry_arrows,
          minivault_5, dreamdust_wishing_well
D:8:      layout_basic, minmay_lair_entry_grove, minmay_misc_feat_five,
          hangedman_incinerator
D:9:      layout_cross, uniq_maurice, uniq_gastronok, uniq_erica
D:10:     layout_stronghold, hex_tiny, nicolae_shop_dragon_depot
D:11:     layout_cave_pools, david_orc_1_choice
D:12:     layout_basic
D:13:     layout_rooms, david_vaults_3, hangedman_aviary
D:14:     layout_loops_ring
D:15:     grunt_enter_depths_snipers, layout_basic, nicolae_figureground_pulse,
          hangedman_glass_teeth, serial_bayou_lagoon_b
Temple:   eino_temple_water
Lair:1:   layout_loops_ring, grunt_megastairs_2
Lair:2:   layout_gridlike, nicolae_snake_entry_warm_welcome, nzn_ghost_randoct,
          chequers_serial_rivers_large_a
Lair:3:   layout_cave_shapes, minmay_shoals_entry_beasts
Lair:4:   nzn_winding_woodlands_three_and_one
          [nzn_winding_woodlands_5x15_river_crossing,
          nzn_winding_woodlands_5x15_pool, nzn_winding_woodlands_5x15_default,
          nzn_winding_woodlands_center_garden], layout_regular_city,
          slime_entry_1
Lair:5:   due_jungle_book, layout_loops_ring
Snake:1:  layout_rooms, basic_altar, uniq_mlioglotl
Orc:1:    dreamdust_dug_too_deep, layout_diamond_mine, serial_shops,
          nicolae_shop_trees
Orc:2:    kennysheep_orc_mage_school, layout_diamond_mine,
          kennysheep_orc_chapel, uniq_urug

Skill      XL: |  1  2  3  4  5  6  7  8  9 10 11 12 13 14 15 |
---------------+----------------------------------------------+-----
Axes           | 3 4 5 7 9 11 13 14 16 17 18 | 18.0
Shields        | 4 5 6 7 8 9 10 12 14 15 | 15.7
Fighting       | 4 6 7 8 9 11 12 13 15 16 | 16.5
Armour         | 4 6 7 8 9 11 12 13 15 16 | 16.6
Dodging        | 2 4 |  4.9
Evocations     | 1 4 6 |  6.0

Action                     |  1- 3 |  4- 6 |  7- 9 | 10-12 | 13-15 || total
---------------------------+-------+-------+-------+-------+-------++-------
  Melee: War axe           |    77 |    59 |       |       |       ||   136
         Headbutt          |    10 |    14 |    26 |   115 |   134 ||   299
         Trident           |       |   137 |   207 |   321 |       ||   665
         Broad axe         |       |       |       |   186 |   656 ||   842
 Invoke: Potion Petition   |       |       |       |       |     1 ||     1
  Evoke: Wand              |       |       |       |       |     3 ||     3
    Use: Potion            |       |     1 |     2 |     4 |     2 ||     9
         Scroll            |       |     3 |     9 |    13 |     9 ||    34
   Stab: Distracted        |       |       |       |     4 |     8 ||    12
 Armour: Scale mail        |    43 |    10 |       |       |       ||    53
         Plate armour      |       |    75 |   123 |   167 |       ||   365
         Gold dragon scale |       |       |       |   153 |   352 ||   505
  Dodge: Dodged            |    37 |    58 |    41 |   194 |   145 ||   475
  Block: Buckler           |    20 |    43 |    43 |   134 |   356 ||   596
         Reflection        |       |       |       |       |    30 ||    30

Table legend: (Time is in decaauts)
 A = Elapsed time spent in this place.
 B = Non-inter-level travel time spent in this place.
 C = Inter-level travel time spent in this place.
 D = Time resting spent in this place.
 E = Time spent auto-exploring this place.
 F = Levels seen in this place.
 G = Mean time per level.
                   A        B        C        D        E       F      G
               +--------+--------+--------+--------+--------+-----+--------+
         Total |  23901 |  22344 |   1557 |   2290 |  16177 |  25 |  956.0 |
       Dungeon |  14735 |  13706 |   1029 |   2054 |   9260 |  15 |  982.3 |
        Temple |     69 |     60 |      9 |      0 |     42 |   1 |   69.0 |
          Lair |   6455 |   6097 |    358 |    236 |   4976 |   5 | 1291.0 |
     Snake Pit |     29 |     29 |      0 |      0 |      0 |   1 |   29.0 |
  Orcish Mines |   2060 |   1900 |    160 |      0 |   1540 |   2 | 1030.0 |
         Sewer |    550 |    550 |      0 |      0 |    358 |   1 |  550.0 |
               +--------+--------+--------+--------+--------+-----+--------+

Top non-repeatable levels by time:
     D:8: 1833 daAuts
  Lair:5: 1644 daAuts
    D:10: 1513 daAuts
  Lair:4: 1482 daAuts
    D:15: 1409 daAuts
    D:12: 1332 daAuts
   Orc:2: 1327 daAuts
  Lair:2: 1263 daAuts
     D:4: 1227 daAuts
  Lair:3: 1070 daAuts
    D:11: 1004 daAuts
  Lair:1: 995 daAuts
    D:13: 951 daAuts
     D:1: 860 daAuts
     D:5: 803 daAuts
